TOP OF THE 1ST |
Sacramento River Cats batting - Pitching for Albuquerque Isotopes : RHP Johnathan Starr
|
Pitching: RHP Johnathan Starr
|
|
Batting: LHB Cesar Arteaga
|
0-0: Ball 1-0: Fly out, F9 (Flyball, 9LM, EV 95.6 MPH)
|
Batting: RHB Hugo Zacarias
|
0-0: Ball 1-0: Foul Ball, location: 2F 1-1: Swinging Strike 1-2: Foul Ball, location: 2F 1-2: DOUBLE (Flyball, 8LXD, EV 96.2 MPH)
|
Batting: LHB Tom Best
|
0-0: Ball 1-0: Ball 2-0: Ball 3-0: Swinging Strike 3-1: Base on Balls
|
Batting: LHB David Ramirez
|
0-0: Called Strike 0-1: Called Strike 0-2: Ball 1-2: Foul Ball, location: 2F 1-2: Ball 2-2: Grounds into double play, 6-4-3 (Groundball, 6, EV 88.8 MPH)
|
Top of the 1st over - 0 runs, 1 hit, 0 errors, 1 left on base; Sacramento 0 - Albuquerque 0 |
BOTTOM OF THE 1ST |
Albuquerque Isotopes batting - Pitching for Sacramento River Cats : RHP Adam Durant
|
Pitching: RHP Adam Durant
|
|
Batting: RHB Ron Johansen
|
0-0: Foul Ball, location: 2F 0-1: Ball 1-1: Swinging Strike 1-2: Ball 2-2: Strikes out looking
|
Batting: LHB Alan Bianchard
|
0-0: Ball 1-0: Called Strike 1-1: Swinging Strike 1-2: Ball 2-2: Ball 3-2: SOLO HOME RUN (Flyball, 78XD, EV 106.9 MPH), Distance : 416 ft
|
Batting: RHB Jerry Castro
|
0-0: Called Strike 0-1: Ball 1-1: SINGLE (Groundball, 6D, EV 105.0 MPH)
|
Batting: RHB Jason Gee
|
0-0: Ball Jerry Castro steals 2nd base 1-0: Ball 2-0: Foul Ball, location: 2F 2-1: Foul Ball, location: 2F 2-2: DOUBLE (Flyball, 78XD, EV 106.9 MPH) Jerry Castro scores
|
Batting: RHB Eddie McCoy
|
0-0: Ball 1-0: Ball 2-0: Called Strike 2-1: Ball 3-1: Ground out 5-3 (Groundball, 56, EV 87.5 MPH)
|
Batting: RHB Mike Ball
|
0-0: Ball 1-0: SINGLE (Groundball, 6S, EV 65.6 MPH) (infield hit) Jason Gee to third
|
Batting: RHB Nate Carrell
|
0-0: Ball 1-0: Foul Ball, location: 2F 1-1: Ball 2-1: Fly out, F8 (Flyball, 78M, EV 96.9 MPH)
|
Bottom of the 1st over - 2 runs, 4 hits, 0 errors, 2 left on base; Sacramento 0 - Albuquerque 2 |
TOP OF THE 2ND |
Sacramento River Cats batting - Pitching for Albuquerque Isotopes : RHP Johnathan Starr
|
Batting: LHB Terry Ebersole
|
0-0: Called Strike 0-1: Called Strike 0-2: Ball 1-2: Strikes out swinging
|
Batting: LHB Nick Swank
|
0-0: Foul Ball, location: 2F 0-1: Ball 1-1: Ground out U3 (Groundball, 3, EV 80.6 MPH)
|
Batting: RHB Tyler Mapes
|
0-0: Ball 1-0: Foul Ball, location: 2F 1-1: Ball 2-1: Ground out 6-3 (Groundball, 6M, EV 80.6 MPH)
|
Top of the 2nd over - 0 runs, 0 hits, 0 errors, 0 left on base; Sacramento 0 - Albuquerque 2 |
BOTTOM OF THE 2ND |
Albuquerque Isotopes batting - Pitching for Sacramento River Cats : RHP Adam Durant
|
Batting: LHB Enrique Andrade
|
0-0: Ball 1-0: Ball 2-0: Ball 3-0: Called Strike 3-1: Base on Balls
|
Batting: RHB Josh Baker
|
0-0: Called Strike 0-1: Grounds into double play, 6-4-3 (Groundball, 6, EV 88.1 MPH)
|
Batting: RHB Ron Johansen
|
0-0: Called Strike 0-1: Ball 1-1: Swinging Strike 1-2: Ball 2-2: SOLO HOME RUN (Flyball, 7LD, EV 96.2 MPH), Distance : 349 ft
|
Batting: LHB Alan Bianchard
|
0-0: Called Strike 0-1: Ball 1-1: Foul Ball, location: 2F 1-2: Ground out 5-3 (Groundball, 6S, EV 85.6 MPH)
|
Bottom of the 2nd over - 1 run, 1 hit, 0 errors, 0 left on base; Sacramento 0 - Albuquerque 3 |
TOP OF THE 3RD |
Sacramento River Cats batting - Pitching for Albuquerque Isotopes : RHP Johnathan Starr
|
Batting: RHB Yutaka Oki
|
0-0: Called Strike 0-1: Fly out, F6 (Popup, 6S, EV 73.1 MPH)
|
Batting: RHB Jack Toole
|
0-0: Ball 1-0: Foul Ball, location: 2F 1-1: Swinging Strike 1-2: Ball 2-2: SINGLE (Line Drive, 89S, EV 96.9 MPH)
|
Batting: LHB Cesar Arteaga
|
0-0: Ball 1-0: Fly out, F8 (Flyball, 8LM, EV 91.9 MPH)
|
Batting: RHB Hugo Zacarias
|
0-0: Ball Jack Toole steals 2nd base (no throw) 1-0: Foul Ball, location: 2F 1-1: Ball 2-1: SINGLE (Groundball, P, EV 86.2 MPH) (infield hit) Jack Toole to third
|
Batting: LHB Tom Best
|
0-0: Ball 1-0: Swinging Strike 1-1: Foul Ball, location: 2F 1-2: DOUBLE (Line Drive, 5D, EV 98.8 MPH) Jack Toole scores Hugo Zacarias to third Runner from 3rd tries for Home, SAFE, no throw by LF
|
Batting: LHB David Ramirez
|
0-0: Called Strike 0-1: Fly out, F9 (Flyball, 89M, EV 94.4 MPH)
|
Top of the 3rd over - 2 runs, 3 hits, 0 errors, 1 left on base; Sacramento 2 - Albuquerque 3 |
BOTTOM OF THE 3RD |
Albuquerque Isotopes batting - Pitching for Sacramento River Cats : RHP Adam Durant
|
Batting: RHB Jerry Castro
|
0-0: Ground out 5-3 (Groundball, 56, EV 105.0 MPH)
|
Batting: RHB Jason Gee
|
0-0: Ball 1-0: Foul Ball, location: 2F 1-1: Swinging Strike 1-2: Foul Ball, location: 2F 1-2: Foul Ball, location: 2F 1-2: Ball 2-2: Ball 3-2: SOLO HOME RUN (Flyball, 7D, EV 96.9 MPH), Distance : 381 ft
|
Batting: RHB Eddie McCoy
|
0-0: Called Strike 0-1: Fly out, F9 (Line Drive, 9D, EV 104.4 MPH)
|
Batting: RHB Mike Ball
|
0-0: Ball 1-0: Foul Ball, location: 2F 1-1: Ball 2-1: Swinging Strike 2-2: Strikes out swinging
|
Bottom of the 3rd over - 1 run, 1 hit, 0 errors, 0 left on base; Sacramento 2 - Albuquerque 4 |
TOP OF THE 4TH |
Sacramento River Cats batting - Pitching for Albuquerque Isotopes : RHP Johnathan Starr
|
Batting: LHB Terry Ebersole
|
0-0: Fly out, F6 (Popup, P, EV 88.1 MPH)
|
Batting: LHB Nick Swank
|
0-0: SINGLE (Line Drive, 8LS, EV 87.5 MPH)
|
Batting: RHB Tyler Mapes
|
0-0: TRIPLE (Flyball, 89XD, EV 103.8 MPH) Nick Swank scores
|
Batting: RHB Yutaka Oki
|
0-0: DOUBLE (Line Drive, 7LS, EV 100.6 MPH) Tyler Mapes scores
|
Batting: RHB Jack Toole
|
0-0: Called Strike 0-1: Ball 1-1: Ball 2-1: Foul Ball, location: 2F 2-2: Strikes out looking
|
Batting: LHB Cesar Arteaga
|
0-0: Called Strike 0-1: Ball 1-1: Foul Ball, location: 2F 1-2: Foul Ball, location: 2F 1-2: SINGLE (Line Drive, 8LM, EV 100.6 MPH) Yutaka Oki to third Runner from 3rd tries for Home, SAFE, throw by CF to home Cesar Arteaga to second
|
Pitching: RHP Jason Hamlyn
|
|
Batting: RHB Hugo Zacarias
|
0-0: Ball 1-0: Called Strike 1-1: Ball 2-1: Swinging Strike 2-2: Ball 3-2: Foul Ball, location: 2F 3-2: Foul Ball, location: 2F 3-2: Fly out, F7 (Line Drive, 7S, EV 94.4 MPH)
|
Top of the 4th over - 3 runs, 4 hits, 0 errors, 1 left on base; Sacramento 5 - Albuquerque 4 |
BOTTOM OF THE 4TH |
Albuquerque Isotopes batting - Pitching for Sacramento River Cats : RHP Adam Durant
|
Batting: RHB Nate Carrell
|
0-0: Ball 1-0: Called Strike 1-1: Foul Ball, location: 2F 1-2: Ball 2-2: Foul Ball, location: 2F 2-2: Ball 3-2: SINGLE (Line Drive, 8RS, EV 108.1 MPH)
|
Batting: LHB Enrique Andrade
|
0-0: Ball 1-0: Called Strike 1-1: Ball 2-1: Ball 3-1: Swinging Strike 3-2: Foul Ball, location: 2F 3-2: Strikes out swinging
|
Batting: RHB Josh Baker
|
0-0: Foul Ball, location: 2F 0-1: Foul Ball, location: 2F 0-2: Strikes out looking
|
Batting: RHB Ron Johansen
|
0-0: Fly out, F8 (Flyball, 78S, EV 70.6 MPH)
|
Bottom of the 4th over - 0 runs, 1 hit, 0 errors, 1 left on base; Sacramento 5 - Albuquerque 4 |
TOP OF THE 5TH |
Sacramento River Cats batting - Pitching for Albuquerque Isotopes : RHP Jason Hamlyn
|
Batting: LHB Tom Best
|
0-0: Ball 1-0: Ball 2-0: Swinging Strike 2-1: Ball 3-1: Base on Balls
|
Batting: LHB David Ramirez
|
0-0: Called Strike 0-1: Ball Tom Best steals 2nd, throwing error, E2 Tom Best to third 1-1: Called Strike 1-2: Ground out 4-3 (Groundball, 13, EV 85.6 MPH)
|
Batting: LHB Terry Ebersole
|
0-0: Ball 1-0: Ball 2-0: Ball 3-0: Base on Balls
|
Batting: LHB Nick Swank
|
0-0: Ball 1-0: Called Strike 1-1: DOUBLE (Line Drive, 78M, EV 96.9 MPH) Tom Best scores Terry Ebersole to third
|
Batting: RHB Tyler Mapes
|
0-0: Ball 1-0: Swinging Strike 1-1: Ball 2-1: Ball 3-1: Foul Ball, location: 2F 3-2: 3-RUN HOME RUN (Flyball, 7LD, EV 93.8 MPH), Distance : 356 ft
|
Pitching: LHP Dario Rios
|
|
Batting: RHB Yutaka Oki
|
0-0: Fly out, F7 (Flyball, 7S, EV 87.5 MPH)
|
Batting: RHB Jack Toole
|
0-0: Called Strike 0-1: Foul Ball, location: 2F 0-2: Foul Ball, location: 2F 0-2: Ball 1-2: Strikes out swinging wild pitch, reaches first!
|
Batting: LHB Cesar Arteaga
|
0-0: Called Strike 0-1: Ball 1-1: Ball 2-1: SINGLE (Groundball, 25, EV 65.6 MPH) (infield hit) Jack Toole to second
|
Batting: RHB Hugo Zacarias
|
0-0: Foul Ball, location: 2F 0-1: Foul Ball, location: 2F 0-2: Fly out, F4 (Flyball, 34D, EV 75.6 MPH)
|
Top of the 5th over - 4 runs, 3 hits, 1 error, 2 left on base; Sacramento 9 - Albuquerque 4 |
BOTTOM OF THE 5TH |
Albuquerque Isotopes batting - Pitching for Sacramento River Cats : RHP Adam Durant
|
Batting: LHB Alan Bianchard
|
0-0: Ball 1-0: Ball 2-0: Foul Ball, location: 2F 2-1: Fly out, F5 (Line Drive, 5, EV 70.0 MPH)
|
Batting: RHB Jerry Castro
|
0-0: Ball 1-0: Foul Ball, location: 2F 1-1: Ball 2-1: Ball 3-1: Foul Ball, location: 2F 3-2: Base on Balls
|
Batting: RHB Jason Gee
|
0-0: Swinging Strike 0-1: Ball 1-1: Ball 2-1: Fielders Choice at 2nd, 2-6 (Groundball, 13S, EV 69.4 MPH)
|
Batting: RHB Eddie McCoy
|
0-0: Ball 1-0: Called Strike 1-1: Called Strike 1-2: Ground out 6-3 (Groundball, 6S, EV 81.2 MPH)
|
Bottom of the 5th over - 0 runs, 0 hits, 0 errors, 1 left on base; Sacramento 9 - Albuquerque 4 |
TOP OF THE 6TH |
Sacramento River Cats batting - Pitching for Albuquerque Isotopes : LHP Dario Rios
|
Batting: LHB Tom Best
|
0-0: Ball 1-0: Swinging Strike 1-1: Foul Ball, location: 2F 1-2: Ground out 4-3 (Groundball, 34D, EV 98.8 MPH)
|
Batting: LHB David Ramirez
|
0-0: Called Strike 0-1: Ball 1-1: Swinging Strike 1-2: Ball 2-2: Foul Ball, location: 2F 2-2: Foul Ball, location: 2F 2-2: SINGLE (Line Drive, 7S, EV 103.8 MPH)
|
Batting: LHB Terry Ebersole
|
0-0: Ball 1-0: Called Strike 1-1: Reached on error, E2 (Groundball, 2L, EV 69.4 MPH) David Ramirez to third
|
Batting: LHB Nick Swank
|
0-0: Called Strike 0-1: Ball 1-1: Swinging Strike 1-2: Foul Ball, location: 2F 1-2: Foul Ball, location: 2F 1-2: Strikes out swinging
|
Pitching: LHP Tyler Adams
|
|
Batting: RHB Tyler Mapes
|
0-0: Ball 1-0: Foul Ball, location: 2F 1-1: Swinging Strike 1-2: Ball 2-2: Ball 3-2: Foul Ball, location: 2F 3-2: Foul Ball, location: 2F 3-2: Strikes out swinging
|
Top of the 6th over - 0 runs, 1 hit, 1 error, 2 left on base; Sacramento 9 - Albuquerque 4 |
BOTTOM OF THE 6TH |
Albuquerque Isotopes batting - Pitching for Sacramento River Cats : RHP Adam Durant
|
Batting: RHB Mike Ball
|
0-0: Ground out 5-3 (Groundball, 56, EV 104.4 MPH)
|
Batting: RHB Nate Carrell
|
0-0: Called Strike 0-1: Foul Ball, location: 2F 0-2: Ground out 5-3 (Groundball, 15, EV 87.5 MPH)
|
Batting: LHB Enrique Andrade
|
0-0: Ball 1-0: Ball 2-0: Called Strike 2-1: Foul Ball, location: 2F 2-2: Fly out, F5 (Flyball, 5D, EV 90.6 MPH)
|
Bottom of the 6th over - 0 runs, 0 hits, 0 errors, 0 left on base; Sacramento 9 - Albuquerque 4 |
TOP OF THE 7TH |
Sacramento River Cats batting - Pitching for Albuquerque Isotopes : LHP Tyler Adams
|
Batting: RHB Yutaka Oki
|
0-0: Ball 1-0: Ground out 6-3 (Groundball, P, EV 85.0 MPH)
|
Batting: RHB Jack Toole
|
0-0: Foul Ball, location: 2F 0-1: Ball 1-1: Called Strike 1-2: Ball 2-2: Strikes out swinging
|
Batting: LHB Cesar Arteaga
|
0-0: Swinging Strike 0-1: Foul Ball, location: 2F 0-2: Ground out U3 (Groundball, 34S, EV 81.2 MPH)
|
Top of the 7th over - 0 runs, 0 hits, 0 errors, 0 left on base; Sacramento 9 - Albuquerque 4 |
BOTTOM OF THE 7TH |
Albuquerque Isotopes batting - Pitching for Sacramento River Cats : RHP Adam Durant
|
Pitching: RHP Cortez Laris
|
|
Batting: RHB Josh Baker
|
0-0: Called Strike 0-1: Called Strike 0-2: Ball 1-2: Strikes out looking
|
Batting: RHB Ron Johansen
|
0-0: DOUBLE (Line Drive, 89D, EV 102.5 MPH)
|
Batting: LHB Alan Bianchard
|
0-0: Called Strike 0-1: Ball 1-1: Foul Ball, location: 2F 1-2: Foul Ball, location: 2F 1-2: Fly out, F7 (Flyball, 78S, EV 91.9 MPH)
|
Batting: RHB Jerry Castro
|
0-0: Ball 1-0: Ball 2-0: Ball 3-0: Fly out, F7 (Line Drive, 7, EV 85.6 MPH)
|
Bottom of the 7th over - 0 runs, 1 hit, 0 errors, 1 left on base; Sacramento 9 - Albuquerque 4 |
TOP OF THE 8TH |
Sacramento River Cats batting - Pitching for Albuquerque Isotopes : LHP Tyler Adams
|
Batting: RHB Hugo Zacarias
|
0-0: Ball 1-0: Called Strike 1-1: Fly out, F8 (Line Drive, 8LD, EV 91.9 MPH)
|
Batting: LHB Tom Best
|
0-0: Called Strike 0-1: Ground out 5-3 (Groundball, 56, EV 79.4 MPH)
|
Batting: LHB David Ramirez
|
0-0: DOUBLE (Line Drive, 7LS, EV 102.5 MPH)
|
Pitching: LHP Baltwin van Vliet
|
|
Batting: LHB Terry Ebersole
|
0-0: Called Strike 0-1: Ground out U3 (Groundball, 3L, EV 103.1 MPH)
|
Top of the 8th over - 0 runs, 1 hit, 0 errors, 1 left on base; Sacramento 9 - Albuquerque 4 |
BOTTOM OF THE 8TH |
Albuquerque Isotopes batting - Pitching for Sacramento River Cats : RHP Cortez Laris
|
Batting: RHB Jason Gee
|
0-0: Ball 1-0: Swinging Strike 1-1: Fly out, F7 (Flyball, 7LM, EV 85.0 MPH)
|
Batting: RHB Eddie McCoy
|
0-0: Called Strike 0-1: Ball 1-1: Called Strike 1-2: Strikes out swinging
|
Batting: RHB Mike Ball
|
0-0: Called Strike 0-1: Ball 1-1: Foul Ball, location: 2F 1-2: Ball 2-2: Strikes out looking
|
Bottom of the 8th over - 0 runs, 0 hits, 0 errors, 0 left on base; Sacramento 9 - Albuquerque 4 |
TOP OF THE 9TH |
Sacramento River Cats batting - Pitching for Albuquerque Isotopes : LHP Baltwin van Vliet
|
Batting: LHB Nick Swank
|
0-0: Called Strike 0-1: Ball 1-1: Swinging Strike 1-2: Ball 2-2: Foul Ball, location: 2F 2-2: Strikes out swinging
|
Batting: RHB Tyler Mapes
|
0-0: Foul Ball, location: 2F 0-1: Called Strike 0-2: Ball 1-2: Strikes out swinging
|
Batting: RHB Yutaka Oki
|
0-0: Fly out, F8 (Flyball, 8LM, EV 81.9 MPH)
|
Top of the 9th over - 0 runs, 0 hits, 0 errors, 0 left on base; Sacramento 9 - Albuquerque 4 |
BOTTOM OF THE 9TH |
Albuquerque Isotopes batting - Pitching for Sacramento River Cats : RHP Cortez Laris
|
Batting: RHB Nate Carrell
|
0-0: SINGLE (Groundball, 25, EV 71.2 MPH) (infield hit)
|
Batting: LHB Enrique Andrade
|
0-0: Swinging Strike 0-1: Called Strike 0-2: Foul Ball, location: 2F 0-2: Fly out, F8 (Flyball, 8RM, EV 90.6 MPH)
|
Pinch Hitting: LHB Tetsuya Oba
|
0-0: Ball 1-0: Called Strike 1-1: Fielders Choice at 2nd, 1-6 (Groundball, 34S, EV 63.8 MPH)
|
Batting: RHB Ron Johansen
|
0-0: Swinging Strike 0-1: Ball 1-1: Swinging Strike 1-2: Foul Ball, location: 2F 1-2: Foul Ball, location: 2F 1-2: Ground out 6-3 (Groundball, 6S, EV 70.0 MPH)
|
Bottom of the 9th over - 0 runs, 1 hit, 0 errors, 1 left on base; Sacramento 9 - Albuquerque 4 |
|